Map: Ruins of Seras

Players

capac - Winner!

  • Race: Terran Terran
  • League: Gold

AlekSan

  • Race: Zerg Zerg
  • League: Gold

VOD

Have the link to the VOD?

Description

Time

  • Played on: Feb. 17, 2016, 12:44 p.m.
  • Length: 17:57
Show
View Real Time Build Order
Export as new Build Order

capac Terran - Winner!

Build Orders: Bio Tank 

Get SALT Encoding   

  12  0:00  SCV  
  13  0:14  SCV  
  13  0:19  Supply Depot  
  14  0:27  SCV  
  15  0:40  SCV  
  16  0:44  Barracks  
  16  0:52  SCV  
  16  0:57  Refinery  
  17  1:04  SCV  
  18  1:16  SCV  
  19  1:29  SCV  
  20  1:33  Command Center  
  20  1:40  Barracks Reactor  
  20  1:48  Bunker, SCV  
  21  2:00  SCV  
  22  2:04  Supply Depot  
  22  2:12  Orbital Command  
  22  2:17  Marine  
  23  2:25  Marine  
  24  2:35  Supply Depot, Marine  
  25  2:41  Factory  
  25  2:43  SCV  
  26  2:49  SCV  
  27  2:51  Marine  
  27  2:52  Marine  
  29  3:00  Refinery  
  29  3:05  SCV x2  
  31  3:10  Marine x2  
  33  3:22  SCV x2  
  35  3:28  Starport  
  35  3:29  Factory Reactor  
  35  3:33  Marine x2  
  37  3:39  SCV  
  37  3:40  SCV  
  39  3:51  Marine x2  
  39  3:54  SCV x2  
  43  4:02  Barracks  
  43  4:06  SCV x2  
  45  4:10  Marine x2  
  47  4:18  SCV x2  
  47  4:19  Medivac x2  
  47  4:24  Factory Tech Lab  
  53  4:30  SCV  
  54  4:34  SCV  
  54  4:35  Supply Depot  
  55  4:39  Marine x2  
  57  4:48  Barracks  
  57  4:49  Barracks  
  57  4:51  Siege Tank  
  60  5:01  Marine x2  
  60  5:03  Supply Depot  
  60  5:05  Barracks Tech Lab  
  62  5:10  SCV x2  
  64  5:22  SCV  
  64  5:23  Siege Tank, SCV  
  64  5:25  Refinery x2  
  69  5:43  Marine x4  
  69  5:44  Marine  
  74  5:51  SCV  
  74  5:52  SCV  
  76  6:01  Command Center  
  76  6:04  Supply Depot  
  76  6:05  Supply Depot, Barracks Reactor  
  76  6:06  Barracks Reactor  
  76  6:22  Orbital Command  
  76  6:26  Siege Tank  
  76  6:30  Stimpack  
  79  6:44  Marine x2  
  79  6:45  Marine x5  
  86  6:49  SCV x2  
  88  6:55  Supply Depot  
  88  6:57  Engineering Bay  
  88  6:58  Supply Depot, Engineering Bay  
  88  7:24  Terran Infantry Weapons Level 1  
  88  7:25  Supply Depot x2  
  88  7:26  Marine x6  
  88  7:27  Marine, Siege Tank  
  88  7:29  Medivac  
  100  7:34  Terran Infantry Armor Level 1  
  100  8:08  Marine x3  
  98  8:25  Marine x4  
  98  8:26  Marine x2, Siege Tank  
  101  8:37  Medivac  
  101  8:38  Medivac  
  101  8:40  Marine  
  106  8:43  Marine x5  
  106  8:45  Supply Depot  
  111  8:54  Orbital Command  
  111  8:58  Siege Tank, SCV x2  
  111  8:59  Starport  
  116  9:10  SCV x2  
  118  9:22  SCV  
  119  9:30  SCV  
  119  9:31  Marine x2, SCV  
  121  9:32  Marine  
  121  9:34  SCV  
  121  9:38  Medivac x2  
  129  9:39  Siege Tank  
  129  9:40  Marine x4  
  129  9:41  Combat Shields  
  129  9:42  SCV  
  129  9:43  SCV  
  138  9:46  SCV  
  138  9:47  Supply Depot  
  138  9:48  Supply Depot  
  138  9:49  Starport Reactor, Marine x2  
  138  9:50  Marine, Armory  
  142  9:54  SCV  
  142  9:57  Marine  
  142  9:58  Marine x3  
  147  10:11  Medivac x2  
  147  10:12  Siege Tank  
  154  10:23  Marine x3  
  154  10:24  Marine x4  
  161  10:37  Liberator x4  
  161  10:39  Barracks  
  161  10:41  Marine x3  
  164  10:43  Barracks  
  164  10:46  Barracks  
  164  10:52  Siege Tank  
  179  10:59  Supply Depot  
  179  11:05  Refinery  
  179  11:06  Missile Turret  
  179  11:11  Factory  
  179  11:22  Refinery  
  179  11:27  Command Center  
  179  11:30  Command Center  
  179  11:31  Liberator x2, Barracks Reactor  
  179  11:32  Liberator x2  
  179  11:34  Barracks Reactor  
  179  11:35  Barracks Reactor  
  179  11:54  Terran Infantry Weapons Level 2, Terran Infantry Armor Level 2  
  190  12:04  Factory Tech Lab  
  190  12:23  Terran Vehicle Weapons Level 1  
  122  14:11  Marine  
  122  14:12  Marine x6  
  122  14:13  Marine x6  
  134  14:29  Marine  
  134  14:30  Liberator x4  
  134  14:42  Marine  
  134  14:43  Marine x6  
  134  14:44  Marine x5  
  146  14:47  Marine  
  158  15:45  Marine  
  158  15:46  Marine x6  
  158  15:47  Marine x3  
  168  15:59  Liberator  
  168  16:00  Liberator  
  147  16:29  Marine  
  147  16:30  Marine x7  
  147  16:31  Marine x5  
  156  16:35  Liberator  
  156  16:36  Liberator  
  155  16:42  Liberator x2  
  152  16:47  Marine x2  
  152  16:48  Marine x2  
  156  17:00  Marine x3  
  156  17:01  Marine x6  
  167  17:05  Marine x3  
  167  17:06  Marine  
  175  17:18  Marine  
Show
View Real Time Build Order
Export as new Build Order

AlekSan Zerg 

Build Orders: Hatch First, Muta Ling Bane 

Get SALT Encoding   

  12  0:01  Drone  
  13  0:08  Drone  
  14  0:18  Overlord  
  14  0:26  Extractor, Drone  
  15  0:39  Drone x2  
  17  0:45  Drone  
  18  0:56  Drone  
  19  1:08  Hatchery  
  19  1:10  Drone  
  19  1:23  Spawning Pool  
  19  1:25  Drone  
  19  1:28  Drone  
  20  1:42  Overlord  
  20  1:55  Drone  
  21  2:14  Overlord, Drone  
  22  2:19  Hatchery  
  22  2:21  Queen  
  23  2:27  Queen  
  23  2:28  Drone  
  23  2:29  Drone  
  27  2:42  Drone  
  28  2:52  Hatchery, Zergling x2  
  28  3:01  Queen  
  30  3:06  Queen  
  30  3:10  Drone  
  33  3:18  Zergling x4  
  35  3:20  Drone  
  35  3:21  Overlord  
  35  3:23  Drone  
  37  3:39  Extractor  
  36  3:42  Extractor, Spore Crawler  
  34  3:52  Queen  
  34  3:53  Overlord  
  34  3:54  Overlord  
  34  3:55  Drone x4  
  40  3:57  Drone  
  41  4:19  Drone x4  
  41  4:20  Drone x2  
  41  4:21  Drone x2  
  41  4:23  Drone  
  50  4:40  Lair  
  50  4:47  Queen  
  50  4:51  Drone x7  
  59  5:05  Spore Crawler  
  58  5:08  Drone x3  
  58  5:09  Drone x2  
  63  5:23  Metabolic Boost  
  63  5:25  Baneling Nest  
  62  5:31  Evolution Chamber  
  62  5:32  Hatchery, Extractor, Evolution Chamber  
  62  5:33  Evolution Chamber  
  62  5:34  Extractor  
  56  5:36  Spore Crawler  
  56  5:37  Spine Crawler  
  54  5:48  Drone  
  54  5:49  Drone x4  
  59  5:51  Drone x3  
  59  5:53  Extractor  
  59  5:56  Extractor  
  60  6:00  Drone x5  
  65  6:08  Extractor, Drone x2  
  65  6:10  Spine Crawler, Spore Crawler  
  64  6:20  Zerg Missile Weapons Level 1, Zerg Ground Armor Level 1  
  64  6:21  Zerg Melee Weapons Level 1  
  64  6:30  Zergling x4  
  64  6:31  Zergling x12  
  72  6:33  Baneling x2  
  72  6:34  Baneling  
  72  6:50  Drone  
  72  6:51  Drone x2  
  75  6:54  Baneling x3  
  75  7:04  Drone x3  
  75  7:08  Spine Crawler  
  77  7:09  Spine Crawler  
  77  7:13  Spine Crawler  
  70  7:24  Zergling x16  
  70  7:25  Zergling x4  
  80  7:30  Spire  
  80  7:33  Centrifical Hooks  
  79  7:42  Overlord x3  
  79  7:43  Overlord x2  
  78  7:46  Extractor  
  77  8:04  Zergling x14  
  84  8:33  Drone x3  
  87  8:49  Hatchery  
  87  8:50  Overlord x2  
  87  8:51  Overlord x3  
  85  9:20  Mutalisk x6  
  85  9:21  Mutalisk x8  
  85  9:22  Mutalisk x3  
  119  9:52  Zerg Flyer Weapons Level 1  
  119  9:58  Zerg Missile Weapons Level 2, Zerg Melee Weapons Level 2, Zerg Ground Armor Level 2  
  119  10:04  Infestation Pit  
  119  10:06  Zergling x8  
  119  10:07  Zergling x8  
  125  10:12  Hatchery  
  125  10:17  Drone  
  125  10:18  Drone x6  
  132  10:29  Baneling x7  
  132  10:30  Baneling x3  
  132  10:47  Spine Crawler  
  132  10:48  Spine Crawler  
  130  10:51  Spine Crawler  
  130  10:54  Spine Crawler, Drone x3  
  130  10:55  Drone, Spore Crawler  
  130  10:56  Drone  
  130  10:57  Spine Crawler  
  131  11:13  Drone  
  131  11:14  Extractor  
  131  11:17  Hive  
  131  11:25  Hydralisk Den  
  130  11:30  Overlord x2, Drone x6  
  130  11:31  Drone x2  
  138  12:04  Muscular Augments  
  138  12:10  Queen  
  138  12:11  Extractor  
  138  12:29  Spire  
  137  12:36  Spine Crawler  
  134  12:53  Baneling  
  134  12:54  Baneling x4  
  131  13:07  Zergling x6  
  131  13:08  Zergling x10  
  139  13:13  Zerg Melee Weapons Level 3, Zerg Missile Weapons Level 3, Zerg Ground Armor Level 3  
  139  13:14  Adrenal Glands  
  139  13:20  Greater Spire  
  139  13:23  Drone x2  
  139  13:24  Drone  
  75  13:53  Hydralisk  
  75  13:54  Hydralisk x6  
  75  13:55  Hydralisk x6  
  91  13:56  Hydralisk x11  
  91  14:01  Zerg Flyer Armor Level 1  
  115  14:34  Corruptor x4  
  121  14:44  Hatchery  
  115  14:58  Corruptor x4  
  124  15:11  Brood Lord  
  126  15:17  Brood Lord  
  126  15:18  Brood Lord x2  
  125  15:30  Brood Lord x2  
  124  15:57  Drone  
  124  16:00  Hatchery  
  53  16:57  Corruptor x3  
  53  17:00  Queen  
  62  17:01  Drone x3  
  64  17:13  Spore Crawler  
  64  17:14  Spore Crawler  
  62  17:20  Roach Warren  
  49  17:43  Drone x2  
  49  17:44  Drone  
Tags
 
Add a new tag
Caveats
  • Supply blocks, unpowered buildings, or Contaminate may cause inaccurate times.
  • Supply counts are checked every 10 seconds.